 BcadrenCrawl: Boulder Brew version 0.04.2-3-g40356c7de1 (webtiles) character file.

Game seed: 18427893039834622081, levelgen mode: deterministic

162117 diana the Brawler (level 17, -8/158 HPs) Platinum Draconian Gladiator. Began on Apr 26, 2021. Was the Champion of Bahamut & Tiamat. Mangled by a verdant mould (14 damage) ... on level 3 of the Swamp on Apr 28, 2021. The game lasted 01:01:21 (23149 turns).

diana the Brawler (Platinum Draconian Gladiator)   Turns: 23149, Time: 01:01:21

Health: -8/158     AC:  9    Str: 30    XL:     17 ^: 58380
Magic:  40/40      EV: 18    Int: 12    God:    Bahamut & Tiamat [6* [200]]
Gold:   2469       SH:  0    Dex: 13    Spells: 22/36 levels left

rFire    . . .     Vision   +     - Unarmed
rCold    + . .     Gourm    .     - Unarmed
rNeg     . . .     Faith    .   (armour unavailable)
rPois    +         Spirit   .   Q - +1 hat {+Vis}
rElec    .         Reflect  .   P - +2 cloak
rCorr    .         Harm     .   D - +1 pair of clawed gauntlets of Wrath {protect, rC+ MP+9 Str+5}
MR       +....                  (no boots)
Stlth    +.........             (no amulet)
HPRegen  0.62/turn              e - ring of strength
MPRegen  0.50/turn              V - ring of poison resistance

@: corroded, studying 3 skills, quick
A: no body armour, unfitting armour, cold-blooded, boosted long blades aptitude,
strongly boosted slings aptitude, boosted shields aptitude, translocation,
transmutation and hexes enhancers 2, fast, rMut, AC +10
a: Breathe Mutagenic Radiation, Enhanced Breath, Drake Mount, Renounce Religion


You were on level 3 of the Swamp.
You worshipped Bahamut & Tiamat.
Bahamut & Tiamat was exalted by your worship.
You were hungry.

You visited 6 branches of the dungeon, and saw 24 of its levels.

You collected 2602 gold pieces.
You spent 133 gold pieces at shops.

Inventory:

Shields
 g - a +0 targe
 p - a +1 buckler of cold resistance
Armour
 D - the +1 pair of clawed gauntlets of Wrath (worn) {protect, rC+ MP+9 Str+5}
   (You acquired it on level 3 of the Spider Nest)

   It affects your strength (+5).
   It protects you from cold.
   It affects your magic capacity (+9).
 P - a +2 cloak (worn)
 Q - a +1 hat of improved vision (worn)
Jewellery
 a - an uncursed ring of wizardry
 e - a ring of strength (left claw)
 m - an uncursed ring of resist corrosion
 I - an uncursed ring of magical power
 K - an uncursed ring of evasion
 M - a cursed ring of dexterity {(Curse: *Drain)}
 U - an uncursed ring of positive energy
 V - a ring of poison resistance (right claw)
 W - an uncursed ring of strength
 X - an uncursed ring of dexterity
 Z - an uncursed ring of protection
Wands
 b - a wand of ensnaring (23)
 l - a wand of flame (41)
 n - a wand of scattershot (5)
 G - a wand of clouds (4)
 H - a wand of hasting (13)
 J - a wand of disintegration (15)
 L - a wand of enslavement (8)
 N - a wand of random effects (40)
 O - a wand of iceblast (7)
 R - a wand of polymorph (21)
Scrolls
 r - 9 scrolls of blinking
 s - 19 scrolls of teleportation
 t - 6 scrolls of amnesia
 v - 4 scrolls of holy word
 w - 4 scrolls of magic mapping
 x - 4 scrolls of fog
 y - 3 scrolls of fear
 z - 5 scrolls of bless item
 B - 3 scrolls of enchantment
 E - a scroll of acquirement
 S - 3 scrolls of summoning
Potions
 d - 9 potions of curing
 f - 6 potions of heal wounds
 h - 2 potions of brilliance
 j - 6 potions of ambrosia
 k - a potion of might
 q - 5 potions of berserk rage
 u - a potion of agility
 A - 3 potions of cure mutation
 C - 2 potions of cancellation
 F - 2 potions of beneficial mutation
 T - 3 potions of magic
 Y - 2 potions of resistance
Miscellaneous
 i - a lamp of fire
Comestibles
 c - 50 rations


   Skills:
 + Level 16.0 Fighting
 - Level 10.0 Dodging
 * Level 18.7 Unarmed Combat
 - Level 10.0 Spellcasting
 - Level 11.3 Transmutations
 + Level 5.6 Earth Magic
 - Level 8.5 Invocations
 - Level 2.0 Evocations


You had 22 spell levels left.
You knew the following spells:

 Your Spells              Type           Power        Failure   Level  Hunger
a - Ensorcelled Hibernat  Hex/Ice        13 (50)      5%          2    None
b - Yara's Violent Unrav  Hex/Tmut       44 (200)     10%         5    #####..
c - Dragon Form           Tmut           66 (200)     24%         7    #######

Your spell library contained the following spells:

 Spells                   Type           Power        Failure   Level  Hunger
 Stone Arrow              Erth           19 (50)      1%          3    ##.....
 Leda's Liquefaction      Tmut/Erth      56 (200)     1%          4    ####...
 Petrify                  Tmut/Erth      56 (100)     1%          4    ####...
 Confusing Touch          Hex            13 (50)      3%          1    None
 Flame Tongue             Fire           6 (30)       3%          1    None
 Confuse                  Hex            13 (100)     10%         3    ##.....
 Gell's Gravitas          Tloc           13 (200)     10%         3    ##.....
 Recall                   Summ/Tloc      N/A          10%         3    ##.....
 Statue Form              Tmut/Erth      56 (150)     16%         6    #######
 Bolt of Magma            Fire/Erth      12 (200)     28%         5    #####..
 Iskenderun's Battlesphe  Chrm/Erth      12 (100)     28%         5    #####..
 Summon Forest            Summ/Erth      12 (200)     28%         5    #####..
 Animate Dead             Necr           N/A          30%         4    ####...
 Cause Fear               Hex            13 (200)     30%         4    ####...
 Cigotuvi's Degeneration  Tmut/Necr      44 (200)     41%         6    #######
 Iron Shot                Erth           19 (200)     43%         6    #######
 Tunneling                Erth           19 (200)     43%         6    #######
 Silence                  Hex/Air        13 (200)     61%         5    #####..
 Borgnjor's Vile Clutch   Necr/Erth      12 (200)     80%         6    #######
 Infestation              Tmut/Pois      44 (200)     92%         7    #######
 Bolt of Fire             Fire           6 (200)      98%         6    #######
 Darkness                 Hex            13 (200)     98%         6    #######
 Death Channel            Chrm/Necr      6 (200)      98%         6    #######
 Deflect Missiles         Chrm/Air       6 (200)      98%         6    #######
 Shadow Creatures         Summ           N/A          98%         6    #######
 Simulacrum               Ice/Necr       6 (200)      98%         6    #######
 Discord                  Hex            13 (200)     100%        8    #######
 Dragon's Call            Summ           6 (200)      100%        9    #######
 Shatter                  Erth           19 (200)     100%        9    #######


Dungeon Overview and Level Annotations

Branches:
Dungeon (8/8)              Temple (1/1) D:4            Lair (6/6) D:5
  Swamp (3/4) Lair:2       Spider (4/4) Lair:4        Slime (0/5) Lair:5
    Orc (2/2) D:6             Elf (0/3) Orc:2        Vaults (0/5) D:7
 Depths (0/5) D:8

Altars:
Bahamut & Tiamat
Cheibriados
Dithmenos
Elyvilon
Fedhas Madash
Gozag Ym Sagoz
Hepliaklqana
Kikubaaqudgha
Makhleb
Nemelex Xobeh
Okawaru
Qazlal
Ru
Sif Muna
Trog
Uskayaw
Vehumet
Wu Jian
Xom
Yredelemnul
Zin
The Shining One
Beogh
Jiyva

Shops:
D:3 !   D:5 *   D:6 ?   Orc:2 }(((

Annotations:
Lair:1 1 runed translucent door
Lair:2 exclusion: 4 oklob plants
Lair:5 3 runed translucent doors, Ypehuijo's ghost, journeyman OpFi
Swamp:3 1 runed translucent door


Innate Abilities, Weirdness & Mutations

You cannot fit into any form of body armour.
Your lustrous platinum scales are resilient. (AC +10)
You can breathe blasts of radiation.
You are cold-blooded and may be slowed by cold attacks.
You are naturally skilled at Long Blades (Aptitude +3).
You are naturally adept at Slings (Aptitude +5).
You are naturally skilled at Shields (Aptitude +3).
You are strongly in touch with the powers of translocation, transmutation and hexes.
Your lustrous platinum scales increase your movement speed and make you resistant to mutation. (fast, rMut)


Message History

The verdant mould bites you but does no damage.
A swamp worm comes into view.
Unknown command.
You feel much better. The verdant mould bites you (2).
* * * LOW HITPOINT WARNING * * *
The acid corrodes you!
You are splashed with acid (6).
* * * LOW HITPOINT WARNING * * *
The verdant mould bites you (1).
* * * LOW HITPOINT WARNING * * *
You are splashed with acid (10)!
* * * LOW HITPOINT WARNING * * *
The verdant mould bites you but does no damage.
The verdant mould bites you (2).
* * * LOW HITPOINT WARNING * * *
You are splashed with acid (5).
* * * LOW HITPOINT WARNING * * *
The verdant mould misses you (0).
The verdant mould barely misses you (0).
The verdant mould bites you (14)!
You die...

. ♣♣♣♣♣♣♣♣♣♣≈.
♣♣♣♣♣♣♣♣♣♣.≈.
♣♣♣♣♣♣♣♣♣♣.♣≈≈..≈.♣?
♣♣♣♣♣♣♣♣♣♣♣♣..†.≈.≈♣≈..
♣♣♣♣♣♣♣♣≈≈..≈...@J≈≈.≈≈≈.♣
♣♣♣♣♣...≈≈≈†.≈≈≈≈≈≈♣.≈≈...
.......≈≈≈≈§≈≈≈≈≈≈≈≈..♣♣♣.
≈≈.≈♣≈..≈≈§.≈≈....≈≈≈.♣♣♣♣
≈≈..≈≈≈.♣♣♣♣♣♣♣♣♣§≈≈≈.♣♣
...≈≈≈≈♣♣♣♣♣♣♣♣♣.♣.≈≈.♣♣
.≈≈.=.♣♣♣♣ ♣♣..≈≈≈≈♣
♣.≈♣≈≈♣♣♣ ♣...≈w.♣
♣.♣≈≈≈.♣♣


You could see a verdant mould and a submerged swamp worm.

Vanquished Creatures
  A thorn hunter (Swamp:1)
  An orc warlord (Orc:1)
  A ghost moth (Spider:2)
  Roxanne (D:6)
  3 entropy weavers
  Snorg (D:8)
  A fire dragon (D:8)
  Azrael (D:6)
  A spark wasp (Spider:3)
  A verdant mould (Swamp:3)
  6 ogre magi
  2 emperor scorpions
  3 boulder beetles
  2 death knights (D:7)
  4 sphinx moths
  2 catoblepae
  13 alligators
  An ettin (D:8)
  An unseen horror (D:7)
  2 swooping magpies (Lair:5)
  3 orc high priests
  A skeletal warrior (D:7)
  Sonja (Lair:5)
  Nergalle (Lair:2)
  A swamp dragon (Swamp:2)
  16 hydras
  2 tengu warriors
  12 two-headed ogres
  4 orc knights
  A shambling mangrove (Swamp:1)
  3 deep trolls
  4 orb spiders
  5 centaur warriors (D:7)
  A rock worm (Spider:2)
  3 death yaks (Lair:2)
  A torpor snail (Spider:2)
  3 orc sorcerers
  22 giraffes
  A deep elf mage (D:8)
  2 manticores (D:6)
  11 black mambas
  2 ugly things (D:7)
  An elephant (Lair:4)
  30 spiny frogs
  15 wolf spiders
  A meliai (shapeshifter) (D:7)
  11 trolls
  6 yaktaurs
  6 rime drakes
  A meliai (D:7)
  13 tyrant leeches
  2 bog bodies
  A tengu conjurer (D:8)
  A polar bear (Lair:5)
  12 komodo dragons
  9 hornets
  20 jumping spiders
  8 demonic crawlers
  13 dream sheep
  30 blink frogs
  5 hippogriffs
  2 spriggans
  4 wyverns
  A catoblepas skeleton (Lair:1)
  4 cyclopes
  4 fire elementals (D:6)
  7 basilisks
  8 yaks
  12 vampire mosquitoes
  3 acid dragons (D:7)
  2 guardian mummies (D:4)
  17 tarantellas
  47 redbacks
  20 swamp worms
  A wolf spider zombie (D:7)
  9 slime creatures
  6 wargs
  2 phantoms
  23 water moccasins
  5 insubstantial wisps (Swamp:2)
  27 orc warriors
  5 scorpions
  2 hell hounds (D:6)
  11 porcupines
  3 sky beasts
  2 ice beasts
  A black bear (Lair:2)
  2 swamp drakes
  33 ogres
  20 wolves
  A dream sheep zombie (Lair:1)
  A komodo dragon zombie (Lair:1)
  8 big kobolds
  22 crocodiles
  27 bullfrogs
  2 komodo dragon skeletons (Lair:1)
  A gnoll sergeant (D:5)
  3 centaurs
  5 harpy skeletons (D:7)
  2 spiny frog skeletons (Lair:1)
  2 yak skeletons (Lair:1)
  A howler monkey (D:3)
  A black mamba skeleton (Lair:1)
  A polar bear skeleton (Lair:1)
  6 killer bees
  A quasit (D:4)
  A hornet zombie (D:4)
  13 wights (D:5)
  7 electric eels
  5 hounds
  16 orc priests
  3 jellies
  26 orc wizards
  Crazy Yiuf (D:7)
  A hornet simulacrum (D:7)
  A mummy (D:4)
  2 iguanas (D:5)
  6 hell rats (Lair:6)
  11 worker ants
  A water moccasin zombie (D:4)
  2 wyvern skeletons (D:4)
  4 wyvern zombies
  A crocodile skeleton (Lair:1)
  2 water moccasin skeletons (D:4)
  12 giant cockroaches
  6 bullfrog zombies (D:4)
  2 porcupine zombies (D:4)
  5 porcupine skeletons
  9 bullfrog skeletons
  6 adders
  6 gnolls
  23 sewer rats (D:2)
  A white imp (D:4)
  7 cinder newts
  6 worms
  2 giant cockroach zombies (D:4)
  6 hound zombies
  2 howler monkey zombies (D:4)
  A killer bee zombie (D:4)
  A howler monkey skeleton (D:4)
  6 worker ant zombies (D:4)
  10 hound skeletons (D:4)
  3 oozes
  3 dart slugs (D:1)
  5 leopard geckos
  70 orcs
  7 adder skeletons (D:4)
  6 adder zombies (D:4)
  4 ball pythons
  8 goblins (D:1)
  2 hobgoblins
  16 jackals
  41 kobolds
  5 quokkas
  7 bats
  A hobgoblin skeleton (D:2)
  2 jackal skeletons (D:4)
  A jackal zombie (D:4)
  A kobold skeleton (D:2)
  A leopard gecko skeleton (D:4)
  5 leopard gecko zombies (D:4)
  6 quokka skeletons
  A quokka zombie (D:4)
  27 rats (D:1)
  A spectral orc (D:3)
  A giant blowfly (D:2)
  A plant (Lair:6)
  4 withered plants (D:2)
1143 creatures vanquished.

Vanquished Creatures (others)
  7 orcs
  3 bushes
  10 fungi
  64 plants
  11 rainbow trout (Swamp:1)
  78 withered plants (D:2)
173 creatures vanquished.

Grand Total: 1316 creatures vanquished

Notes
Turn   | Place    | Note
-------+----------+-------------------------------------------
     0 | D:1      | diana the Immature Draconian Gladiator began the quest for
                  | the Orb.
     0 | D:1      | Reached XP level 1. HP: 18/18 MP: 2/2
    43 | D:1      | Reached skill level 3 in Unarmed Combat
    74 | D:1      | Reached XP level 2. HP: 25/25 MP: 3/3
   150 | D:1      | Reached XP level 3. HP: 31/31 MP: 4/4
   268 | D:1      | Reached skill level 4 in Unarmed Combat
   268 | D:1      | Reached XP level 4. HP: 38/38 MP: 5/5
   832 | D:1      | Reached XP level 5. HP: 46/46 MP: 6/6
  1032 | D:2      | Noticed a water moccasin
  1037 | D:2      | Killed a water moccasin
  1037 | D:2      | Reached skill level 5 in Unarmed Combat
  1112 | D:2      | Reached XP level 6. HP: 46/55 MP: 7/7
  1117 | D:2      | Reached skill level 5 in Fighting
  1306 | D:2      | Reached skill level 6 in Unarmed Combat
  1327 | D:2      | Your scales start taking on a rich purple colour.
  1327 | D:2      | Reached XP level 7. HP: 46/62 MP: 8/8
  1327 | D:2      | Gained mutation: Your lustrous platinum scales increase
                  | your movement speed and make you resistant to mutation.
                  | (fast, rMut) [Purple Draconian growth]
  1327 | D:2      | Gained mutation: You are strongly in touch with the powers
                  | of translocation, transmutation and hexes. [Purple
                  | Draconian growth]
  1488 | D:2      | Reached skill level 7 in Unarmed Combat
  1524 | D:2      | Found a glowing silver altar of Zin.
  1721 | D:2      | Reached XP level 8. HP: 64/71 MP: 9/9
  1893 | D:2      | Reached skill level 8 in Unarmed Combat
  2531 | D:3      | Found Hewolabb's Distillery.
  2584 | D:3      | Reached skill level 9 in Unarmed Combat
  2651 | D:3      | Bought a potion of berserk rage for 55 gold pieces
  2812 | D:3      | Reached XP level 9. HP: 82/82 MP: 10/10
  2889 | D:3      | Found a glowing silver altar of Zin.
  2999 | D:3      | Found a basalt altar of Yredelemnul.
  3097 | D:4      | Connectivity tunneler affected minmay_ossuary_two_tombs.
  3097 | D:4      | Connectivity tunneler affected minmay_ossuary_two_tombs.
  3097 | D:4      | Connectivity tunneler affected minmay_ossuary_two_tombs.
  3097 | D:4      | Connectivity tunneler affected temple_doors_cd.
  3097 | D:4      | Connectivity tunneler affected temple_doors_cd.
  3097 | D:4      | Connectivity tunneler affected temple_doors_cd.
  3097 | D:4      | Connectivity tunneler affected minmay_ossuary_two_tombs.
  3097 | D:4      | Connectivity tunneler affected minmay_ossuary_two_tombs.
  3197 | D:4      | Reached skill level 10 in Unarmed Combat
  3647 | D:4      | Found a staircase to the Ecumenical Temple.
  3657 | D:7      | Connectivity tunneler affected nrook_campfire.
  3657 | D:7      | Connectivity tunneler affected nrook_campfire.
  3657 | D:8      | Connectivity tunneler affected wad_woods_river_04.
  3657 | D:8      | Connectivity tunneler affected wad_woods_river_04.
  3657 | Temple   | Entered the Ecumenical Temple
  3808 | Temple   | Became a worshipper of Bahamut & Tiamat
  3872 | D:4      | Found a burning altar of Makhleb.
  3876 | D:4      | Found an ancient bone altar of Kikubaaqudgha.
  3887 | D:4      | Reached skill level 10 in Fighting
  3898 | D:4      | Reached skill level 11 in Unarmed Combat
  3930 | D:4      | Reached * piety under Bahamut & Tiamat
  3984 | D:4      | Gained mutation: You are naturally skilled at Slings
                  | (Aptitude +3). [draconic bloodline]
  3984 | D:4      | Reached XP level 10. HP: 84/93 MP: 11/11
  4026 | D:4      | Reached ** piety under Bahamut & Tiamat
  4092 | D:4      | Learned a level 2 spell: Ensorcelled Hibernation
  4213 | D:5      | Entered Level 5 of the Dungeon
  4262 | D:5      | Found a snail-covered altar of Cheibriados.
  4378 | D:5      | Noticed a two-headed ogre
  4382 | D:5      | Killed a two-headed ogre
  4424 | D:5      | Identified the cursed ring "Loenufajo" {rElec Int+4 Stlth+,
                  | (Curse: *Corrode Fragile)}
  4442 | D:5      | Noticed a tengu warrior
  4451 | D:5      | Killed a tengu warrior
  4454 | D:5      | Reached *** piety under Bahamut & Tiamat
  4496 | D:5      | Reached skill level 12 in Unarmed Combat
  4724 | D:5      | Found a staircase to the Lair.
  4739 | D:5      | Reached XP level 11. HP: 102/102 MP: 12/12
  4765 | D:5      | Found Iniavy's General Store.
  4786 | D:5      | Identified the cursed ring of Wonder {MP+9 Dex+5, (Curse:
                  | *Drain Fragile)}
  4792 | D:5      | Reached **** piety under Bahamut & Tiamat
  5192 | D:6      | Noticed a five-headed hydra
  5197 | D:6      | Killed a five-headed hydra
  5251 | D:6      | Reached skill level 5 in Dodging
  5252 | D:6      | Found Coilaren's Magic Scroll Boutique.
  5273 | D:6      | Bought a scroll of teleportation for 36 gold pieces
  5273 | D:6      | Bought a scroll of magic mapping for 42 gold pieces
  5469 | D:6      | Noticed Azrael
  5485 | D:6      | Identified Roxanne's Disquisition on the Blaze
  5485 | D:6      | Noticed Roxanne
  5491 | D:6      | HP: 3/104 [Azrael/hellfire blast (30)]
  5498 | D:6      | Noticed a catoblepas
  5737 | Lair:1   | Entered Level 1 of the Lair of Beasts
  5737 | Lair:1   | Noticed a four-headed hydra
  5740 | Lair:1   | Killed a four-headed hydra
  5784 | Lair:1   | Reached skill level 13 in Unarmed Combat
  5936 | Lair:1   | Reached ***** piety under Bahamut & Tiamat
  6138 | Lair:1   | Reached skill level 1 in Invocations
  6288 | Lair:1   | Found a runed translucent door.
  6289 | Lair:1   | Noticed a mummy priest
  6296 | Lair:1   | Gained mutation: You are naturally skilled at Shields
                  | (Aptitude +3). [draconic bloodline]
  6296 | Lair:1   | Reached XP level 12. HP: 113/113 MP: 13/13
  6782 | Lair:2   | Noticed Nergalle
  6783 | Lair:2   | Found a staircase to the Swamp.
  6830 | Lair:2   | Killed Nergalle
  6830 | Lair:2   | Reached skill level 14 in Unarmed Combat
  7533 | Lair:2   | Reached skill level 5 in Invocations
  7781 | Lair:3   | Reached ****** piety under Bahamut & Tiamat
  7782 | Lair:3   | Your scales start taking on a lustrous platinum colour.
  7782 | Lair:3   | Reached XP level 12. HP: 71/113 MP: 16/16
  7783 | Lair:3   | Received a gift from Bahamut & Tiamat
  8010 | Lair:3   | Gained mutation: You are strongly in touch with the powers
                  | of translocation, transmutation and hexes. [Platinum
                  | Draconian growth]
  8010 | Lair:3   | Reached XP level 13. HP: 53/119 MP: 17/17
  8020 | Lair:3   | Learned a level 5 spell: Yara's Violent Unravelling
  8183 | Lair:3   | Reached skill level 15 in Unarmed Combat
  9185 | Lair:4   | Found a hole to the Spider Nest.
 10291 | Lair:5   | Found a runed translucent gate.
 10292 | Lair:5   | Found a runed translucent gate.
 10293 | Lair:5   | Found a runed translucent gate.
 10356 | Lair:5   | Reached skill level 16 in Unarmed Combat
 10373 | Lair:5   | Found a viscous altar of Jiyva.
 10373 | Lair:5   | Found a staircase to the Slime Pits.
 10394 | Lair:5   | Noticed Ypehuijo's ghost (journeyman OpFi)
 10665 | Lair:5   | Identified the cursed ring "Icodilan" {*Corrode +Inv MP+9
                  | Dex+6, (Curse: rF-)}
 10711 | Lair:5   | Gained mutation: You are naturally skilled at Long Blades
                  | (Aptitude +3). [draconic bloodline]
 10711 | Lair:5   | Reached XP level 14. HP: 66/127 MP: 20/20
 10814 | Lair:5   | Noticed Sonja
 10815 | Lair:5   | Identified the +7 staff of Vot Kec Raa {reaver, earth; AC+5
                  | Str+8}
 10852 | Lair:5   | Killed Sonja
 10852 | Lair:5   | Reached skill level 1 in Spellcasting
 10852 | Lair:5   | Reached skill level 1 in Transmutations
 11112 | Lair:6   | Entered Level 6 of the Lair of Beasts
 11112 | Lair:6   | Identified the +7 rapier of Baugorr {freeze, +Rage MR+
                  | Dex+4}
 11139 | Lair:6   | Learned a level 7 spell: Dragon Form
 11642 | Lair:6   | Identified the +1 leather armour of the Lonely Scars {rPois
                  | Str-3 Int+8 Dex-3}
 11924 | Lair:6   | Identified the +3 hand crossbow of Focus {velocity, Fragile
                  | rPois Str+3 Int+9}
 11928 | Lair:6   | Identified a scroll of acquirement
 12071 | Lair:6   | Identified the cursed +9 nunchaku "Voeroarch" {crush, +Rage
                  | rPois rC+ MR+ Str-5, (Curse: rF-)}
 12909 | D:6      | Reached skill level 5 in Spellcasting
 13015 | D:6      | Reached skill level 5 in Transmutations
 13078 | D:6      | Found a staircase to the Orcish Mines.
 13087 | D:6      | Killed Azrael
 13212 | D:6      | Found a sparkling altar of Nemelex Xobeh.
 13220 | D:6      | Killed Roxanne
 13220 | D:6      | Reached skill level 17 in Unarmed Combat
 13910 | D:7      | Gained mutation: You are naturally adept at Slings
                  | (Aptitude +5). [draconic bloodline]
 13910 | D:7      | Reached XP level 15. HP: 84/136 MP: 22/24
 14140 | D:7      | Found a gate to the Vaults.
 14223 | D:7      | Found a runed translucent door.
 14224 | D:7      | Noticed Crazy Yiuf
 14230 | D:7      | Killed Crazy Yiuf
 14713 | Orc:1    | Entered Level 1 of the Orcish Mines
 14714 | Orc:1    | Identified the cursed ring "Cunurr" {rF+ MR+ AC+5, (Curse:
                  | Fragile Dex-3)}
 15355 | Orc:2    | Entered Level 2 of the Orcish Mines
 16140 | Orc:2    | Identified the cursed amulet "Osashrem" {Harm *Drain Int-5
                  | Dex+4 Stlth+, (Curse: Fragile Slay-3)}
 16268 | Orc:2    | Found a roughly hewn altar of Beogh.
 16276 | Orc:2    | Found Siydufuc's Antique Weapon Emporium.
 16283 | Orc:2    | Found Foemy's Gadget Shop.
 16288 | Orc:2    | Found Wiotzob's Weapon Shoppe.
 16298 | Orc:2    | Found Nauf's Antique Weapon Emporium.
 16576 | Orc:2    | Found a staircase to the Elven Halls.
 16993 | D:8      | Entered Level 8 of the Dungeon
 17018 | D:8      | Noticed Snorg
 17027 | D:8      | Killed Snorg
 17027 | D:8      | Reached skill level 18 in Unarmed Combat
 17089 | D:8      | Identified the cursed ring "Ofaecu" {Wiz rF+ Int+2, (Curse:
                  | Fragile)}
 17449 | D:8      | Found a staircase to the Depths.
 17496 | D:8      | Identified the cursed amulet "Yhiatusk" {Gourm +Inv rC+,
                  | (Curse: Fragile MR-)}
 17674 | Spider:1 | Entered Level 1 of the Spider Nest
 17684 | Spider:1 | Reached XP level 16. HP: 147/147 MP: 29/29
 18926 | Spider:2 | Reached skill level 10 in Spellcasting
 18926 | Spider:2 | Reached skill level 10 in Transmutations
 19180 | Spider:2 | Identified the +4 dagger "Sahuwk" {molten, Str+4}
 19217 | Spider:2 | Reached skill level 15 in Fighting
 19954 | Spider:3 | Identified the +1 pair of clawed gauntlets of Wrath
                  | {protect, rC+ MP+9 Str+5} (You acquired it on level 3 of
                  | the Spider Nest)
 19954 | Spider:3 | Identified the Disquisition on Transformation (You acquired
                  | it on level 3 of the Spider Nest)
 20778 | Spider:3 | Reached skill level 1 in Earth Magic
 20986 | Spider:4 | Entered Level 4 of the Spider Nest
 21175 | Swamp:1  | Entered Level 1 of the Swamp
 21187 | Swamp:1  | Reached skill level 10 in Dodging
 22045 | Swamp:1  | Reached XP level 17. HP: 127/157 MP: 31/31
 22529 | Swamp:2  | Reached skill level 5 in Earth Magic
 22759 | Swamp:2  | Identified the +0 cloak of Midsummer {rCorr Slay+3}
 23060 | Swamp:3  | Found a runed translucent door.
 23149 | Swamp:3  | HP: 6/158 [acid (5)]
 23149 | Swamp:3  | Mangled by a verdant mould

Levels and vault maps discovered:
D:1:      shiori_arrival_maze, layout_basic, fountainhead, minmay_rat_hole,
          cheibrodos_sewer_entry_bend
D:2:      layout_sewer, elyvilon_niche, first_ration
D:3:      layout_rooms, kennysheep_mini_moat,
          yredelemnul_forgotten_temple_becter, serial_shops,
          kennysheep_little_box
D:4:      layout_cross, grunt_temple_overflow_open, temple_doors_cd,
          minmay_ossuary_two_tombs
D:5:      layout_grid_maze, nicolae_overflow_crystal_walls, david_lair_generic,
          serial_shops, nicolae_shop_statue_plus, grunt_tengu_nest
D:6:      layout_irregular_city, nemelex_xobeh_ov_fountains_minmay, erik_orc_4,
          serial_shops, shop_statue, uniq_roxanne, uniq_snorg, uniq_azrael
D:7:      layout_twisted_cavern, hangedman_vaults_entry_quadrant_bands,
          nrook_campfire, uniq_crazy_yiuf_cottage
D:8:      hangedman_depths_entry_civil_slaughter, layout_rooms, moated_statue,
          wad_woods_river_04
Temple:   eino_temple_scatter_basement
Lair:1:   layout_cave_pods, gup_ossuary_entry_pyramid
Lair:2:   layout_chaotic_city, minmay_swamp_entry_worms, serial_rivers,
          chequers_serial_rivers_micro_a, chequers_serial_rivers_micro_d,
          chequers_serial_rivers_large_b, chequers_serial_rivers_marsh,
          minmay_lair_oklob_chamber, uniq_nergalle
Lair:3:   layout_gridlike, infiniplex_staircase_pool
Lair:4:   layout_layer_cave, spider_nest_entry_webs, st_stairs_9,
          grunt_megastairs_4
Lair:5:   layout_hall_layers, slime_altar_1, maelrawn_ghost_gauntlet_escape,
          minmay_lair_drake_nest, uniq_sonja
Lair:6:   minmay_lair_end_frog_pond, layout_layer_cave, guppyfry_lair_drakes
Swamp:1:  layout_basic_swamp, nicolae_swamp_little_tower, swamp_pool2
Swamp:2:  layout_basic_swamp, serial_swamp_ruin, evilmike_swamp_ruin_house_6,
          evilmike_swamp_ruin_rubble_2
Swamp:3:  layout_falls_marsh, ebering_ghost_inner_flame,
          evilmike_swamp_ruin_rubble_1
Spider:1: layout_spider_delve, spiders_nest_spider_trap
Spider:2: layout_spider_delve, drop_trap
Spider:3: layout_chambers
Spider:4: guppyfry_spider_rune, nicolae_looking_at_the_future,
          nicolae_spider_cling_ruins, uniq_nikola, uniq_donald, uniq_arachne
Orc:1:    layout_diamond_mine
Orc:2:    st_orc_open, layout_caves, mines2_david

Skill      XL: |  1  2  3  4  5  6  7  8  9 10 11 12 13 14 15 16 17 |
---------------+----------------------------------------------------+-----
Unarmed Combat | 3 4 5 6 7 9 11 12 13 14 16 17 18 | 18.7
Fighting       | 3 4 5 6 8 10 11 12 13 14 15 16 | 16.0
Dodging        | 4 6 7 9 10 | 10.0
Invocations    | 1 5 8 |  8.5
Spellcasting   | 6 9 10 | 10.0
Transmutations | 6 9 11 | 11.3
Earth Magic    | 4 5 |  5.6
Evocations     | |  2.0

Action                   |  1- 3 |  4- 6 |  7- 9 | 10-12 | 13-15 | 16-18 || total
-------------------------+-------+-------+-------+-------+-------+-------++-------
Melee: Unarmed           |    57 |   158 |   480 |   603 |  1041 |   604 ||  2943
       Tailslap          |     3 |     3 |    27 |    46 |    76 |    46 ||   201
 Cast: Ensorcelled Hiber |       |       |       |       |     6 |       ||     6
Invok: Choose Bahamut's  |       |       |     1 |       |       |       ||     1
       Choose Bahamut's  |       |       |       |     1 |       |       ||     1
       Choose Bahamut's  |       |       |       |     1 |       |       ||     1
       Choose Bahamut's  |       |       |       |     1 |       |       ||     1
       Receive Book of t |       |       |       |     1 |       |       ||     1
       Drake Mount       |       |       |       |       |     3 |     2 ||     5
       Enhanced Breath   |       |       |       |       |     3 |       ||     3
 Abil: Breathe Mutagenic |       |       |       |       |     1 |     2 ||     3
Evoke: Lamp of fire      |       |       |       |     2 |     1 |       ||     3
       Wand              |       |       |       |       |     7 |     7 ||    14
  Use: Potion            |       |       |       |     5 |     2 |     1 ||     8
       Scroll            |       |       |       |     1 |       |     1 ||     2
 Stab: Distracted        |       |       |     1 |       |     1 |       ||     2
       Sleeping          |       |       |     1 |     1 |       |     1 ||     3
  Eat: Chunk             |       |     2 |     9 |    18 |    28 |    19 ||    76
Armor: Skin              |     6 |    19 |    55 |    93 |   136 |   119 ||   428
Dodge: Dodged            |    18 |    52 |    96 |   147 |   373 |   134 ||   820
